 Dungeon Crawl Stone Soup version 0.28-a0-1227-ga9037bb4c8 (webtiles) character file.

Game seed: 4377663760049120532

259 GordonOverkill the Chopper (level 5, -2/48 HPs)
             Began as a Minotaur Cinder Acolyte on Dec 22, 2021.
             Was a Priest of Ignis.
             Slain by an orc warrior (3 damage)
             ... on level 8 of the Dungeon.
             The game lasted 00:11:02 (4526 turns).

GordonOverkill the Chopper (MiCA)                   Turns: 4526, Time: 00:11:02

Health: -2/48      AC:  5    Str: 21    XL:     5   Next: 95%
Magic:  5/5        EV: 10    Int: 11    God:    Ignis [***...]
Gold:   141        SH:  0    Dex:  5    Spells: 6/6 levels left

rFire   + . .      SeeInvis .   a - -1 hand axe (flame)
rCold   . . .      Faith    .   (no shield)
rNeg    . . .      Spirit   .   l - +0 ring mail
rPois   .          Reflect  .   (helmet restricted)
rElec   .          Harm     .   (no cloak)
rCorr   .          Rampage  .   (no gloves)
Will    .....                   (no boots)
Stlth   ..........              (no amulet)
HPRegen 0.16/turn               (no ring)
MPRegen 0.09/turn               (no ring)

@: brilliant, attractive, invisible
A: horns 2, retaliatory headbutt
a: Renounce Religion, Fiery Armour, Foxfire Swarm, Rising Flame


You were on level 8 of the Dungeon.
You worshipped Ignis.
Ignis was most pleased with you.
You visited 1 branch of the dungeon, and saw 6 of its levels.

You collected 141 gold pieces.

Inventory:

Hand Weapons
 a - a -1 hand axe of flaming (weapon)
 h - a +0 hand axe
 m - a +1 whip of draining
Missiles
 n - 5 poisoned darts (quivered)
Armour
 l - a +0 ring mail (worn)
Scrolls
 b - a scroll of noise {unknown}
 c - a scroll of enchant weapon {unknown}
 f - a scroll of fear {unknown}
 g - 5 scrolls of identify {unknown}
 i - a scroll of immolation {unknown}
Potions
 o - a potion of haste


   Skills:
 + Level 5.5 Fighting
 + Level 5.6 Axes
 - Level 3.0 Throwing
 - Level 1.0 Spellcasting
 - Level 2.1 Fire Magic


You had 6 spell levels left.
You didn't know any spells.
Your spell library contained the following spells:

 Spells                   Type           Power      Damage    Failure   Level
 Scorch                   Fire           16%        2d6       32%         2
 Animate Dead             Necr           0%         N/A       99%         4
 Borgnjor's Vile Clutch   Necr/Erth      0%         N/A       100%        5
 Death Channel            Necr           0%         N/A       100%        6


Dungeon Overview and Level Annotations

Branches:
Dungeon (8/15)             Temple (0/1) D:4
   Lair: D:8-11

Altars:
Wu Jian

Annotations:
D:7 spimroxx's ghost, novice GnCj


Innate Abilities, Weirdness & Mutations

You have a pair of horns on your head.
You reflexively headbutt those who attack you in melee.


Message History

You feel less confused. The orc warrior barely misses you.
You hit the orc warrior but do no damage.
The orc warrior barely misses you.
You hit the orc warrior but do no damage.
The orc warrior closely misses you. You furiously retaliate!
You headbutt the orc warrior. You hit the orc warrior.
You burn the orc warrior.
The orc warrior is moderately wounded.
The orc warrior hits you with a +0 battleaxe!
You hit the orc warrior. You burn the orc warrior.
Your headbutt misses the orc warrior.
The orc warrior is moderately wounded.
The orc warrior hits you with a +0 battleaxe!
* * * LOW HITPOINT WARNING * * *
You hit the orc warrior. You burn the orc warrior.
The orc warrior is heavily wounded.
The orc warrior hits you with a +0 battleaxe!!
Ouch! That really hurt!
* * * LOW HITPOINT WARNING * * *
You feel better. The orc warrior barely misses you.
Okay, then.
Activating: Foxfire Swarm
Press: ? - help, Dir - look around, f - activate Flames leap up around you!
The orc warrior closely misses you.
The orc warrior hits your foxfire with a +0 battleaxe!
The orc warrior hits your foxfire with a +0 battleaxe. x2
The foxfire hits the orc warrior but does no damage.
The orc warrior is heavily wounded.
The foxfire hits the orc warrior but does no damage.
The orc warrior is heavily wounded.
The foxfire hits the orc warrior but does no damage.
The orc warrior is heavily wounded.
The foxfire hits the orc warrior.
The orc warrior is heavily wounded.
The orc warrior hits you with a +0 battleaxe!
* * * LOW HITPOINT WARNING * * *
Your foxfire dissipates!
The orc warrior hits you with a +0 battleaxe.
You die...

###
###<###
#§...§#
#.#o#.#
#.#@#.#
# #v#.#
#.#.#
#.#.#
#.#.#
...>.
#.# ...


You could see an orc warrior (ally target).

Vanquished Creatures
  A howler monkey (D:7)
  An orc priest (D:1)
  A hound (D:4)
  2 iguanas (D:4)
  2 adders
  2 worms (D:3)
  A dart slug (D:2)
  7 orcs
  4 bats
  8 endoplasms
  4 giant cockroaches (D:1)
  7 hobgoblins
  3 jackals (D:3)
  4 quokkas (D:1)
  10 ball pythons
  3 frilled lizards
  8 goblins
  8 kobolds
  4 rats
80 creatures vanquished.

Vanquished Creatures (others)
  48 foxfires
48 creatures vanquished.

Grand Total: 128 creatures vanquished

Notes
Turn   | Place    | Note
-------+----------+-------------------------------------------
     0 | D:1      | GordonOverkill the Minotaur Cinder Acolyte began the quest
                  | for the Orb.
     0 | D:1      | Reached XP level 1. HP: 19/19 MP: 1/1
    14 | D:1      | Found a faded altar of an unknown god.
   220 | D:1      | Reached XP level 2. HP: 27/27 MP: 2/2
   303 | D:1      | Reached skill level 1 in Throwing
   955 | D:1      | Reached XP level 3. HP: 6/33 MP: 3/3
  1722 | D:1      | Reached XP level 4. HP: 10/41 MP: 4/4
  2712 | D:2      | Found an ornate altar of the Wu Jian Council.
  3823 | D:4      | Reached XP level 5. HP: 47/47 MP: 5/5
  3828 | D:4      | Reached skill level 5 in Fighting
  3828 | D:4      | Reached skill level 5 in Axes
  3911 | D:4      | Found a staircase to the Ecumenical Temple.
  4360 | D:4      | You fall into a shaft and drop 3 floors!
  4386 | D:7      | Noticed an orc warrior
  4485 | D:7      | Noticed spimroxx's ghost (novice GnCj)
  4525 | D:8      | HP: 1/48 [orc warrior (8)]
  4526 | D:8      | Slain by an orc warrior

Illustrated notes

Levels and vault maps discovered:
D:1:      amcnicky_arrival_flooded_fountain, layout_basic,
          ebering_ecumenical_altar_sacrificial
D:2:      layout_loops_ring, basic_altar
D:3:      layout_basic, kennysheep_nub, hangedman_decor_peaks_small,
          minmay_misc_feat_diagonals
D:4:      layout_loops_ring, minmay_temple_entry_mini_moons,
          kennysheep_generic_room_16
D:7:      layout_loops_ring, gammafunk_ghost_split, chequers_decorated_corner,
          chequers_serial_rivers_large_b, amcnicky_altar_lugonu_corruption
D:8:      layout_basic, serial_shops, shop_fountains

Skill      XL: |  1  2  3  4  5 |
---------------+----------------+-----
Throwing       | 1 2 3 |  3.0
Axes           | 4 5 |  5.6
Fighting       | 4 5 |  5.5
Spellcasting   | |  1.0
Fire Magic     | |  2.1

Action                   |  1- 3 |  4- 6 || total
-------------------------+-------+-------++-------
Melee: Hand axe          |    96 |   103 ||   199
       Headbutt          |     5 |     8 ||    13
Throw: Dart              |       |     7 ||     7
Invok: Foxfire Swarm     |     2 |     2 ||     4
  Use: Potion            |       |     6 ||     6
Armor: Robe              |    18 |     9 ||    27
       Leather armour    |       |     2 ||     2
       Ring mail         |       |    11 ||    11
Dodge: Dodged            |    54 |    60 ||   114

Table legend: (Time is in decaauts)
 A = Elapsed time spent in this place.
 B = Non-inter-level travel time spent in this place.
 C = Inter-level travel time spent in this place.
 D = Time resting spent in this place.
 E = Time spent auto-exploring this place.
 F = Levels seen in this place.
 G = Mean time per level.
                   A        B        C        D        E       F      G
               +--------+--------+--------+--------+--------+-----+--------+
         Total |   4544 |   4419 |    125 |   1733 |   1811 |   6 |  757.3 |
       Dungeon |   4544 |   4419 |    125 |   1733 |   1811 |   6 |  757.3 |
               +--------+--------+--------+--------+--------+-----+--------+

Top non-repeatable levels by time:
     D:1: 1965 daAuts
     D:3: 996 daAuts
     D:2: 875 daAuts
     D:4: 541 daAuts
     D:7: 145 daAuts
     D:8: 21 daAuts
